 Dungeon Crawl Stone Soup version 0.30-a0-723-gc1506a1cf0 (webtiles) character file.

Game seed: 2491817129714107659

109 Leeroy the Slasher (level 4, -1/26 HPs)
             Began as a Tengu Warper on Jan 28, 2023.
             Killed by divine providence
             ... invoked by an orc priest
              (11 damage)
             ... on level 3 of the Dungeon.
             The game lasted 00:03:10 (1704 turns).

Leeroy the Slasher (Tengu Warper)                   Turns: 1704, Time: 00:03:11

Health: -1/26      AC:  3    Str: 11    XL:     4   Next: 89%
Magic:  8/8        EV: 12    Int: 14    God:
Gold:   75         SH:  0    Dex: 15    Spells: 2/7 levels left

rFire   + . .      SeeInvis .    a - +0 falchion
rCold   . . .      Faith    .    (no shield)
rNeg    . . .      Spirit   .    b - +0 leather armour
rPois   .          Reflect  .    (helmet restricted)
rElec   .          Harm     .    (no cloak)
rCorr   .          Rampage  .    (no gloves)
Will    +....                    (boots unavailable)
Stlth   +                        n - amulet of Heduib {RegenMP rF+ Will+}
HPRegen 0.24/turn                (no ring)
MPRegen 0.51/turn                (no ring)

@: lethally poisoned (-1 -> -5)
A: beak, talons 3
a: no special abilities


You were on level 3 of the Dungeon.
You visited 1 branch of the dungeon, and saw 3 of its levels.

You collected 75 gold pieces.

Inventory:

Hand Weapons
 a - a +0 falchion (weapon)
Missiles
 d - 7 boomerangs of dispersal (quivered)
 f - 3 boomerangs
 j - 3 poisoned darts
Armour
 b - a +0 leather armour (worn)
Magical Staves
 h - a staff of fire
Jewellery
 n - the amulet of Heduib (around neck) {RegenMP rF+ Will+}
   (You found it on level 3 of the Dungeon)

   [amulet of magic regeneration]

   It increases your rate of magic regeneration.
   rF:        It protects you from fire.
   Will:      It increases your willpower.
Scrolls
 c - a scroll of blinking
 g - a scroll of silence {unknown}
 k - a scroll of vulnerability {unknown}
 m - a scroll of immolation {unknown}
 o - 2 scrolls of identify {unknown}
 p - a scroll of teleportation {unknown}
Potions
 e - a potion of curing {unknown}
 i - 2 potions of might {unknown}
 l - 3 potions of flight {unknown}


   Skills:
 - Level 2.0 Fighting
 + Level 5.4 Long Blades
 - Level 1.0 Throwing
 - Level 1.1 Armour
 - Level 2.1 Dodging
 - Level 2.0 Spellcasting
 - Level 2.4 Translocations


You had 2 spell levels left.
You knew the following spells:

 Your Spells              Type           Power      Damage    Failure   Level
a - Blink                 Tloc           16%        N/A       19%         2
b - Vhi's Electric Charg  Tloc/Air       8%         N/A       50%         3

Your spell library contained the following spells:

 Spells                   Type           Power      Damage    Failure   Level
 Lesser Beckoning         Tloc           16%        N/A       19%         2
 Teleport Other           Tloc           8%         N/A       34%         3
 Manifold Assault         Tloc           8%         N/A       75%         4


Dungeon Overview and Level Annotations

Branches:
Dungeon (3/15)

Altars:

Annotations:
D:2 Sigmund


Innate Abilities, Weirdness & Mutations

You have a beak for a mouth.
You have claws for feet.


Message History

You closely miss the orc. You claw the orc.
The orc is severely wounded.
The orc misses you.
An adder comes into view.
You hit the orc.
You kill the orc!
The orc priest invokes the aid of Beogh against you.
Beogh smites you!
An orc comes into view. It is wielding a +0 club. x2
You see here a +0 whip.
The orc shouts! x2; You hear a shout!
A goblin comes into view. It is wielding a +0 rapier.
An orc comes into view. It is wielding a +0 flail.
The orc priest hits you with a +0 morningstar!
You are too injured to fight recklessly!
You are too injured to fight recklessly!
You slash the orc priest! Your peck misses the orc priest.
The orc priest is severely wounded.
You hit the orc.
The orc is severely wounded.
You hit the orc.
You kill the orc!
The adder closely misses you.
You hit the adder but do no damage. You claw the adder!
Your peck misses the adder.
The adder is heavily wounded.
The adder bites you but does no damage. The adder attacks as you move away!
The adder misses you. The adder bites you but does no damage.
You see here a +0 whip.
You barely miss the adder. Your peck misses the adder.
The adder is heavily wounded.
The orc priest miscasts a cantrip.
The adder bites you but does no damage. The adder attacks as you move away!
The adder bites you.
You are poisoned.
The adder poisons you!
You feel sick.
The orc priest calls down the wrath of Beogh upon you.
Beogh smites you!
You die...

#...##.......#
#######............#
#.....>.............
#########..###......
##......####
##..##.#
..#######.....#
#>........#..######
########......@)Sg#
#.#...####o)o)....
#.....# ###o.....
#..##.# ......
#..##.## .....
#..##..# .....
#[.###.#### ...#
##.## #.#..# ##..
#..# #....#


You could see an orc priest, an adder, 2 orcs and a goblin.

Vanquished Creatures
  4 adders (D:2)
  A worm (D:2)
  2 orcs (D:3)
  6 bats
  4 endoplasms
  6 giant cockroaches
  8 goblins
  8 hobgoblins
  5 kobolds
  10 ball pythons
  4 frilled lizards
  4 rats (D:2)
62 creatures vanquished.

Notes
Turn   | Place    | Note
-------+----------+-------------------------------------------
     0 | D:1      | Leeroy the Tengu Warper began the quest for the Orb.
     0 | D:1      | Reached XP level 1. HP: 12/12 MP: 4/4
    73 | D:1      | Found a faded altar of an unknown god.
    81 | D:1      | Reached XP level 2. HP: 6/17 MP: 6/6
   146 | D:1      | Reached skill level 3 in Long Blades
   469 | D:1      | Reached XP level 3. HP: 21/21 MP: 7/7
   729 | D:2      | Reached skill level 4 in Long Blades
   900 | D:2      | Noticed Sigmund
   936 | D:2      | HP: 1/21 [adder (1)]
   938 | D:2      | Reached XP level 4. HP: 2/26 MP: 8/8
  1219 | D:2      | Reached skill level 5 in Long Blades
  1576 | D:3      | Identified the amulet of Heduib {RegenMP rF+ Will+}
  1625 | D:3      | Learned a level 2 spell: Blink
  1629 | D:3      | Learned a level 3 spell: Vhi's Electric Charge
  1704 | D:3      | Killed from afar by an orc priest

Illustrated notes

Levels and vault maps discovered:
D:1:      tarquinn_simple_flora_water_a, layout_rooms, basic_ecumenical_altar
D:2:      layout_basic, glass_columns_a, minmay_worlds_worst_comb, uniq_sigmund
D:3:      layout_rooms, chequers_jeans, serial_bayou_crossing

Skill      XL: |  1  2  3  4 |
---------------+-------------+-----
Long Blades    | 3 4 5 |  5.4
Fighting       | |  2.0
Throwing       | |  1.0
Armour         | |  1.1
Dodging        | |  2.1
Spellcasting   | |  2.0
Translocations | |  2.4

Action                     |  1- 3 |  4- 6 || total
---------------------------+-------+-------++-------
  Melee: Falchion          |    96 |    72 ||   168
         Peck              |     8 |     3 ||    11
         Kick              |    20 |    14 ||    34
         Punch             |     1 |       ||     1
   Stab: Sleeping          |     1 |     2 ||     3
 Armour: Leather armour    |    41 |    18 ||    59
  Dodge: Dodged            |    71 |    45 ||   116

Table legend: (Time is in decaauts)
 A = Elapsed time spent in this place.
 B = Non-inter-level travel time spent in this place.
 C = Inter-level travel time spent in this place.
 D = Time resting spent in this place.
 E = Time spent auto-exploring this place.
 F = Levels seen in this place.
 G = Mean time per level.
                   A        B        C        D        E       F      G
               +--------+--------+--------+--------+--------+-----+--------+
         Total |   1720 |   1655 |     65 |     18 |   1164 |   3 |  573.3 |
       Dungeon |   1720 |   1655 |     65 |     18 |   1164 |   3 |  573.3 |
               +--------+--------+--------+--------+--------+-----+--------+

Top non-repeatable levels by time:
     D:2: 823 daAuts
     D:1: 733 daAuts
     D:3: 163 daAuts
